 Dungeon Crawl Stone Soup version 0.31.0-11-ge490571c62 (webtiles) character file.

Game seed: 16493722870838933472

483 ces the Skirmisher (level 6, -3/30 HPs)
             Began as a Spriggan Hunter on Jan 31, 2024.
             Was an Initiate of Hepliaklqana.
             Slain by an orc warrior
             ... wielding a +3 battleaxe
              (11 damage)
             ... on level 4 of the Dungeon.
             The game lasted 00:11:51 (3443 turns).

ces the Skirmisher (Spriggan Hunter)                Turns: 3443, Time: 00:11:52

Health: -3/30      AC:  2    Str:  7    XL:     6   Next: 87%
Magic:  7/7        EV: 18    Int: 11    God:    Hepliaklqana [......]
Gold:   205        SH:  0    Dex: 20    Spells: 5/5 levels left

rFire   . . .        a - +0 shortbow
rCold   . . .        (shield currently unavailable)
rNeg    . . .        c - +0 robe
rPois   .            (helmet restricted)
rElec   .            (no cloak)
rCorr   .            (gloves unavailable)
SInv    +            (boots unavailable)
Will    +....        (no amulet)
Stlth   ++           (no ring)
HPRegen 0.25/turn    (no ring)
MPRegen 0.10/turn

%: no passive effects
@: very quick
A: very small, no large weapons, unfitting armour, see invisible, speed 3
a: Renounce Religion


You were on level 4 of the Dungeon.
You worshipped Hepliaklqana.
Hepliaklqana was noncommittal.
You visited 2 branches of the dungeon, and saw 6 of its levels.

You collected 205 gold pieces.

Inventory:

Hand Weapons
 a - a +0 shortbow (weapon)
Armour
 c - a +0 robe (worn)
Jewellery
 k - a ring of magical power
 s - an amulet of reflection
Wands
 p - a wand of flame (28)
Scrolls
 b - a scroll of butterflies
 d - a scroll of fog {unknown}
 f - 2 scrolls of identify {unknown}
 l - 4 scrolls of noise {unknown}
 n - a scroll of teleportation {unknown}
 o - a scroll of enchant weapon {unknown}
Potions
 e - a potion of lignification
 g - 2 potions of curing
 h - a potion of might {unknown}
 i - a potion of brilliance {unknown}
 j - a potion of invisibility
 m - a potion of attraction {unknown}
 q - a potion of berserk rage {unknown}
 r - a potion of degeneration {unknown}


   Skills:
 - Level 1.5 Fighting
 + Level 8.3 Ranged Weapons
 - Level 2.6 Dodging
 - Level 1.5 Stealth


You had 5 spell levels left.
You didn't know any spells.
Your spell library contained the following spells:

 Spells                   Type           Power      Damage    Failure   Level
 Jinxbite                 Hex            0%         N/A       47%         2
 Momentum Strike          Conj/Tloc      0%         3d8       47%         2
 Fireball                 Conj/Fire      0%         3d3       100%        5
 Bombard                  Conj/Erth      0%         9d1       100%        6
 Spellforged Servitor     Conj/Summ      0%         N/A       100%        7


Dungeon Overview and Level Annotations

Branches:
Dungeon (5/15)             Temple (1/1) D:4

Altars:
Ashenzari
Dithmenos
Gozag
Hepliaklqana
Makhleb
Nemelex Xobeh
Ru
Sif Muna
Vehumet
Wu Jian
Xom
Zin

Shops:
D:4 ??

Annotations:
D:5 Eustachio


Innate Abilities, Weirdness & Mutations

You are very small and have problems with some larger weapons.
You are too small for most types of armour.
You have supernaturally acute eyesight. (SInv)
You cover ground extremely quickly. (Speed+++)


Message History

The arrow hits the gnoll.
The gnoll is lightly wounded.
You shoot an arrow.
The arrow barely misses the gnoll sergeant.
The arrow hits the gnoll.
The gnoll is heavily wounded.
A kobold comes into view. It is wielding a +0 club.
The gnoll sergeant closely misses you.
A kobold brigand comes into view.
It is wielding a +0 whip and quivering poisoned darts.
There is a stone staircase leading up here.
You start waiting.
A gnoll sergeant is nearby!
A gnoll sergeant is nearby!
You shoot an arrow. The arrow hits the gnoll sergeant.
The gnoll sergeant is lightly wounded.
You shoot an arrow.
The arrow hits the gnoll sergeant but does no damage.
The gnoll sergeant is lightly wounded.
You shoot an arrow. The arrow hits the gnoll sergeant.
The gnoll sergeant is lightly wounded.
The gnoll sergeant hits you from afar with a +0 trident.
You shoot an arrow.
The arrow hits the gnoll sergeant but does no damage.
The gnoll sergeant is lightly wounded.
The gnoll sergeant closely misses you.
You shoot an arrow. The arrow hits the gnoll!
You kill the gnoll!
The gnoll sergeant completely misses you.
You shoot an arrow.
The arrow hits the gnoll sergeant but does no damage.
The gnoll sergeant is lightly wounded.
You hear a shout!
The gnoll sergeant completely misses you.
You hear a shout!
The gnoll sergeant hits you from afar with a +0 trident!
The gnoll hits you with a +0 flail.
* * * LOW HITPOINT WARNING * * *
You climb upwards.
The orc warrior closely misses you.
The orc warrior hits you with a +3 battleaxe!
You die...

######### #[...∩..#
#####################.......#####
................@g..............#
>#####.###......o...........#...#
.#####.###..#########.......##o..
.##..............####.....#####..
.#..(.......####..........# ##.
.#..##.##...# #########.## ##
.#.o##.##...# #.# #∩
.#..##.##...# #.# ##...#
............#### #.#.###..


You could see an orc warrior and a gnoll.

Vanquished Creatures
  An ice beast (D:3)
  2 bombardier beetles (D:4)
  2 iguanas
  3 orc wizards
  Robin (D:3)
  A gnoll (D:5)
  7 adders
  An ufetubus (D:4)
  4 ribbon worms
  5 orcs
  10 endoplasms
  4 giant cockroaches
  13 goblins
  16 hobgoblins
  2 jackals (D:1)
  A quokka (D:2)
  10 ball pythons
  3 bats
  3 frilled lizards
  9 kobolds
  4 rats
102 creatures vanquished.

Notes
Turn   | Place    | Note
-------+----------+-------------------------------------------
     0 | D:1      | ces the Spriggan Hunter began the quest for the Orb.
     0 | D:1      | Reached XP level 1. HP: 10/10 MP: 2/2
   104 | D:1      | Found a faded altar of an unknown god.
   157 | D:1      | Reached XP level 2. HP: 14/14 MP: 3/3
   463 | D:1      | Reached skill level 5 in Ranged Weapons
   480 | D:1      | Reached XP level 3. HP: 17/18 MP: 4/4
  1100 | D:2      | Reached XP level 4. HP: 22/22 MP: 5/5
  1767 | D:3      | Reached skill level 6 in Ranged Weapons
  1794 | D:3      | Reached XP level 5. HP: 19/25 MP: 6/6
  1961 | D:3      | Noticed Robin
  2188 | D:3      | Killed Robin
  2372 | D:4      | Reached skill level 7 in Ranged Weapons
  2402 | D:4      | Noticed an ice beast
  2468 | D:3      | Killed an ice beast
  2469 | D:3      | Reached XP level 6. HP: 30/30 MP: 7/7
  2755 | D:4      | Found a staircase to the Ecumenical Temple.
  2780 | D:4      | Reached skill level 8 in Ranged Weapons
  2792 | Temple   | Entered the Ecumenical Temple
  2836 | Temple   | Became a worshipper of Hepliaklqana the Forgotten
  2876 | D:5      | Entered Level 5 of the Dungeon
  3078 | D:4      | Got the Elucidation of Red Trauma
  3124 | D:4      | Found Cigez's Magic Scroll Emporium.
  3251 | D:4      | Found Ojyhom's Magic Scroll Shoppe.
  3276 | D:4      | Found a shimmering blue altar of Sif Muna.
  3298 | D:4      | Noticed an orc warrior
  3302 | D:4      | Got Sif Muna's Discourse on Charms
  3375 | D:5      | Noticed Eustachio
  3443 | D:4      | Slain by an orc warrior

Illustrated notes

Levels and vault maps discovered:
D:1:      dpeg_arrival_leaves_temple_mockup, layout_basic,
          shapermc_ecumenical_altar_gd, minmay_liquid_box,
          chequers_serial_rivers_room_a, corexii_corridor_pit,
          minmay_misc_feat_hallway, minmay_misc_feat_four_crosses,
          hangedman_abyss_or_decor_lesser_grid
D:2:      layout_basic
D:3:      layout_basic, uniq_robin
D:4:      layout_loops_ring, nzn_overflow_gifts_of_might_and_magic,
          minmay_temple_entry_enclosed_plants, serial_shops, shop, shop,
          kennysheep_generic_room_7
D:5:      gammafunk_steamed_eel, layout_basic, tso_altar, fedhas_altar_3,
          grunt_decor_arrowhead, uniq_menkaure, uniq_eustachio, uniq_duvessa
Temple:   minmay_freezing_vapour_temple

Skill      XL: |  1  2  3  4  5  6 |
---------------+-------------------+-----
Ranged Weapons | 5 6 7 8 |  8.3
Fighting       | |  1.5
Dodging        | |  2.6
Stealth        | |  1.5

Action                     |  1- 3 |  4- 6 || total
---------------------------+-------+-------++-------
   Fire: Shortbow          |   116 |   228 ||   344
  Evoke: Wand              |       |     1 ||     1
    Use: Potion            |     1 |     2 ||     3
 Armour: Robe              |    11 |    17 ||    28
         Skin              |     2 |       ||     2
  Dodge: Dodged            |    30 |    45 ||    75
